 Dungeon Crawl Stone Soup version 0.32-a0-699-g1ee5eff69a (webtiles) character file.

Game seed: 5394420106751298348

704 BeKind the Chiller (level 7, -3/41 HPs)
             Began as an Octopode Ice Elementalist on Mar 14, 2024.
             Was an Initiate of Hepliaklqana.
             Killed from afar by an orc wizard (7 damage)
             ... with a magic dart
             ... on level 5 of the Dungeon.
             The game lasted 00:07:32 (5281 turns).

BeKind the Chiller (Octopode Ice Elementalist)      Turns: 5281, Time: 00:07:34

Health: -3/41      AC:  1    Str:  7    XL:     7   Next: 67%
Magic:  6/13       EV: 13    Int: 20    God:    Hepliaklqana [......]
Gold:   240        SH:  0    Dex: 12    Spells: 7/14 levels left

rFire   . . .        f - +0 spear
rCold   . . .        (no shield)
rNeg    . . .        (helmet restricted)
rPois   .            (no amulet)
rElec   .            (no ring)
rCorr   .            (no ring)
SInv    .            (no ring)
Will    .....        (no ring)
Stlth   +++          (no ring)
HPRegen 0.26/turn    (no ring)
MPRegen 0.13/turn    (no ring)
                     (no ring)

%: no passive effects
@: freezing walls
A: almost no armour, amphibious, 8 rings, camouflage 1, gelatinous body 1,
(nimble swimmer 1), tentacles
a: Renounce Religion


You were on level 5 of the Dungeon.
You worshipped Hepliaklqana.
Hepliaklqana was noncommittal.
You visited 1 branch of the dungeon, and saw 5 of its levels.

You collected 240 gold pieces.

Inventory:

Hand Weapons
 d - a +0 dagger
 f - a +0 spear (weapon)
Scrolls
 g - a scroll of brand weapon
 h - 3 scrolls of fog
 i - a scroll of identify
 j - a scroll of amnesia
 k - a scroll of immolation
 l - a scroll of revelation
 m - a scroll of enchant armour
 n - a scroll of poison
 o - a scroll of torment
 r - a scroll of teleportation {unknown}
Potions
 a - a potion of magic
 b - 2 potions of brilliance {unknown}
 c - a potion of heal wounds {unknown}
 e - 6 potions of curing {unknown}
 p - a potion of degeneration {unknown}
 q - a potion of cancellation {unknown}


   Skills:
 + Level 3.5 Polearms
 + Level 4.4 Dodging
 - Level 3.0 Stealth
 + Level 4.0 Spellcasting
 + Level 1.5 Summonings
 + Level 5.6 Ice Magic


You had 7 spell levels left.
You knew the following spells:

 Your Spells              Type           Power      Damage    Failure   Level
a - Freeze                Ice            100%       1d10      1%          1
b - Frozen Ramparts       Ice            52%        1d8       3%          3
c - Summon Ice Beast      Ice/Summ       18%        N/A       9%          3

Your spell library contained the following spells:

 Spells                   Type           Power      Damage    Failure   Level
 Ozocubu's Armour         Ice            26%        N/A       3%          3
 Necrotise                Necr           16%        1d4       13%         1
 Fugue of the Fallen      Necr           4%         N/A       36%         3
 Vampiric Draining        Necr           4%         2d6       36%         3
 Martyr's Knell           Necr/Summ      7%         N/A       67%         4
 Manifold Assault         Tloc           4%         N/A       77%         4
 Olgreb's Toxic Radiance  Alch           4%         N/A       77%         4
 Curse of Agony           Necr           4%         N/A       98%         5
 Ozocubu's Refrigeration  Ice            13%        4d10      100%        7
 Discord                  Hex            2%         N/A       100%        8


Dungeon Overview and Level Annotations

Branches:
Dungeon (5/15)             Temple (0/1) D:5

Altars:
Dithmenos
Fedhas
Hepliaklqana
Makhleb
Vehumet

Shops:
D:3 =?[!?


Innate Abilities, Weirdness & Mutations

You cannot wear most types of armour.
You are amphibious.
You can wear up to eight rings at the same time.
Your skin changes colour to match your surroundings (Stealth+).
Your rubbery body absorbs attacks. (AC +1, EV +1)
((You are camouflaged when in or above water. (Stealth+)))
You have tentacles for arms and can constrict up to eight enemies at once.


Message History

The orc wizard flickers and vanishes!
Deactivating autopickup; reactivate with Ctrl-A.
You're too confused to cast spells.
You feel less confused. The orc priest closely misses you.
Casting: Summon Ice Beast (dangerous; 9% risk of failure)
Confirm with . or Enter, or press ? or * to list all spells.
Casting: Frozen Ramparts (dangerous; 3% risk of failure)
Press: ? - help, Dir - look around, f - activate
There is a cloud of black smoke here.
Okay, then.
Casting: Frozen Ramparts (dangerous; 3% risk of failure)
Confirm with . or Enter, or press ? or * to list all spells.
A chill wind blows around you. The orc misses you.
Casting: Summon Ice Beast (dangerous; 9% risk of failure)
Confirm with . or Enter, or press ? or * to list all spells.
Casting: Frozen Ramparts (dangerous; 3% risk of failure)
Press: ? - help, Dir - look around, f - activate
There is a cloud of black smoke here.
The walls around you are covered in ice.
The wall freezes something but does no damage.
The wall freezes the orc priest!
You kill the orc priest!
The wall freezes the orc.
The orc hits you with a +0 club.
Your Spellcasting skill increases to level 4!
You hit the orc but do no damage. You grab the orc. You squeeze the orc.
You kill the orc!
The wall freezes something.
Something hits you.
You miss something.
The wall freezes something.
You hear some strange, mumbled words.
A puff of flame appears from out of thin air!
The puff of flame hits you!
* * * LOW HITPOINT WARNING * * *
You miss something.
The wall freezes something but does no damage.
You hear some strange, mumbled words.
A magic dart appears from out of thin air!
The magic dart hits you!
You die...
Hepliaklqana delivers you to your ancestors.

##...## #.#..#
##.....###.##.#
##§§§§.§§##...>#
#####§§§§§...§#.####
.....§§§§.......#
........._......#
...............#
.#..§Y....§###
##§@§.§§.##
##{§..§## ####§.§##
####...)..#
#.......###
#.#.o._...#
.........?.#
?...........#
)..._..⌠.._.#


You could see a friendly ice beast (summoned).

Vanquished Creatures
  A phantom (D:4)
  4 hounds
  2 orc priests
  2 bombardier beetles
  2 jellies
  An iguana (D:4)
  Natasha (thrice) (D:2)
  An orc wizard (D:3)
  Robin (D:2)
  3 adders
  A white imp (D:5)
  2 dart slugs
  4 ribbon worms
  5 orcs
  6 bats
  5 endoplasms
  2 giant cockroaches
  8 goblins
  10 hobgoblins
  A quokka (D:3)
  9 ball pythons
  3 frilled lizards
  6 kobolds
  4 rats
86 creatures vanquished.

Vanquished Creatures (collateral kills)
  A bombardier beetle (D:4)
  A sleepcap (D:5)
  An adder (D:5)
  A hobgoblin (D:4)
  A ball python (D:4)
5 creatures vanquished.

Grand Total: 91 creatures vanquished

Notes
Turn   | Place    | Note
-------+----------+-------------------------------------------
     0 | D:1      | BeKind the Octopode Ice Elementalist began the quest for
                  | the Orb.
     0 | D:1      | Reached XP level 1. HP: 11/11 MP: 3/3
   244 | D:1      | Reached XP level 2. HP: 15/17 MP: 5/5
   562 | D:1      | Reached XP level 3. HP: 21/21 MP: 6/6
  1032 | D:2      | Noticed Robin
  1048 | D:1      | Learned a level 3 spell: Frozen Ramparts
  1070 | D:2      | Killed Robin
  1276 | D:2      | Reached skill level 1 in Polearms
  1276 | D:2      | Reached XP level 4. HP: 17/27 MP: 7/7
  1431 | D:2      | Noticed Natasha
  1440 | D:2      | Killed Natasha
  1659 | D:2      | Noticed Natasha
  1667 | D:2      | Killed Natasha
  1668 | D:2      | Reached XP level 5. HP: 26/31 MP: 4/9
  1872 | D:2      | Noticed Natasha
  1910 | D:2      | Killed Natasha
  2296 | D:3      | Found Cokhlazxu's Magic Scroll Shoppe.
  2296 | D:3      | Found a faded altar of an unknown god.
  2666 | D:3      | Found Eritog's Jewellery Emporium.
  2676 | D:3      | Reached XP level 6. HP: 32/36 MP: 6/10
  2729 | D:3      | Found Uryicwil's Antique Armour Emporium.
  2742 | D:3      | Found Pummu's Magic Scroll Shop.
  2832 | D:3      | Found Bear's Distillery.
  3116 | D:4      | Reached skill level 5 in Ice Magic
  3210 | D:4      | Learned a level 3 spell: Summon Ice Beast
  3573 | D:4      | Reached XP level 7. HP: 41/41 MP: 8/12
  4018 | D:5      | Entered Level 5 of the Dungeon
  4035 | D:5      | Found a staircase to the Ecumenical Temple.
  4410 | D:5      | Reached skill level 1 in Summonings
  5244 | D:5      | Found a shadowy altar of Dithmenos.
  5247 | D:5      | Found a hazy altar of Hepliaklqana.
  5257 | D:5      | Found a radiant altar of Vehumet.
  5257 | D:5      | Found a blossoming altar of Fedhas.
  5260 | D:5      | Found a burning altar of Makhleb.
  5263 | D:5      | Became a worshipper of Hepliaklqana the Forgotten
  5281 | D:5      | Killed from afar by an orc wizard

Illustrated notes

Levels and vault maps discovered:
D:1:      dpeg_cavernosity, layout_basic
D:2:      kennysheep_big_flooded_room, layout_loops_ring, nrook_loot_triangle,
          kennysheep_small_spiral, uniq_natasha, uniq_robin
D:3:      layout_basic, ebering_ecumenical_altar_ruins, serial_shops, shop,
          nicolae_shop_gaudy_bauble, shop, nicolae_shop_behind_doors,
          nicolae_shop_peninsula
D:4:      layout_basic
D:5:      layout_basic, grunt_temple_overflow_open,
          nicolae_dithmenos_the_darkroom, minmay_temple_entry_junction_2,
          serial_shops, nicolae_shop_advertising_works
          [nicolae_subvault_shop_adworks], hex_intersection

Skill      XL: |  1  2  3  4  5  6  7 |
---------------+----------------------+-----
Stealth        | 3 |  3.0
Polearms       | 1 2 3 |  3.5
Dodging        | 3 4 |  4.4
Spellcasting   | 3 4 |  4.0
Ice Magic      | 5 |  5.6
Summonings     | 1 |  1.5

Action                     |  1- 3 |  4- 6 |  7- 9 || total
---------------------------+-------+-------+-------++-------
  Melee: Dagger            |    20 |       |       ||    20
         Tentacles         |    11 |    28 |    11 ||    50
         Constrict         |    11 |    23 |     9 ||    43
         Spear             |    24 |   123 |    38 ||   185
   Cast: Freeze            |    19 |     1 |     2 ||    22
         Frozen Ramparts   |     1 |     4 |     1 ||     6
         Summon Ice Beast  |       |     3 |     5 ||     8
    Use: Scroll            |       |       |    10 ||    10
   Stab: Sleeping          |     9 |    14 |     3 ||    26
 Armour: Skin              |    19 |    38 |    20 ||    77
  Dodge: Dodged            |    33 |    54 |    11 ||    98

Table legend: (Time is in decaauts)
 A = Elapsed time spent in this place.
 B = Non-inter-level travel time spent in this place.
 C = Inter-level travel time spent in this place.
 D = Time resting spent in this place.
 E = Time spent auto-exploring this place.
 F = Levels seen in this place.
 G = Mean time per level.
                   A        B        C        D        E       F      G
               +--------+--------+--------+--------+--------+-----+--------+
         Total |   5295 |   5066 |    229 |    984 |   3385 |   5 | 1059.0 |
       Dungeon |   5295 |   5066 |    229 |    984 |   3385 |   5 | 1059.0 |
               +--------+--------+--------+--------+--------+-----+--------+

Top non-repeatable levels by time:
     D:4: 2054 daAuts
     D:2: 1122 daAuts
     D:1: 1043 daAuts
     D:3: 908 daAuts
     D:5: 166 daAuts
